 Dungeon Crawl Stone Soup version 0.21-a0-92-g7bf63f6 (webtiles) character file.

433001 Ordine the Bludgeoner (level 23, -2/142 HPs)
             Began as a Gargoyle Fighter on July 1, 2017.
             Was an Initiate of Gozag.
             Slain by a titan (27 damage)
             ... on level 5 of the Vaults.
             The game lasted 03:07:14 (46817 turns).

Ordine the Bludgeoner (Gargoyle Fighter)           Turns: 46817, Time: 03:07:15

Health: -2/142     AC: 39    Str: 17    XL:     23   Next: 95%
Magic:  41/41      EV: 20    Int: 12    God:    Gozag
Gold:   1968       SH: 19    Dex: 19    Spells: 31/51 levels left

rFire    + + .     SeeInvis +   X - +4 demon whip (elec)
rCold    + . .     Gourm    .   R - +1 shield {rC+}
rNeg     + . .     Faith    .   J - +8 ring mail of Silymm {MR+ Regen+ Str-2 Dex+4}
rPois    ∞         Spirit   .   Z - +0 mask of the Dragon {MR+ Slay+3 SInv}
rElec    +         Reflect  +   L - scarf {repulsion}
rCorr    .         Harm     .   T - +3 pair of gauntlets of War {Slay+5}
MR       +++..                  c - +0 pair of boots of the Louse {Dex+2}
Stlth    +.........             Q - amulet of Hoklem {Reflect rElec rPois rF+ Int-4 SH+4}
HPRegen  0.73/turn              h - +2 ring of slaying
MPRegen  0.27/turn              G - ring of protection from fire

@: gold aura, flying, repel missiles
A: big wings, negative energy resistance 1, electricity resistance, unbreathing,
petrification resistance, rot immunity, AC +17
}: 2/15 runes: barnacled, gossamer
a: Stop Flying, Potion Petition, Call Merchant, Bribe Branch, Renounce Religion


You were on level 5 of the Vaults.
You worshipped Gozag.
Gozag was most pleased with you.
You were not hungry.

You visited 9 branches of the dungeon, and saw 41 of its levels.
You visited the Abyss 1 time.
You also visited: Labyrinth, Ossuary, Ice Cave and Desolation.

You collected 19833 gold pieces.
You spent 6813 gold pieces at shops.
You paid 11052 gold pieces to Gozag.

Inventory:

Hand Weapons
 X - a +4 demon whip of electrocution (weapon)
Armour
 c - the +0 pair of boots of the Louse (worn) {Dex+2}
   (You bought it in a shop on level 2 of the Lair of Beasts)

   It affects your dexterity (+2).
 J - the +8 ring mail of Silymm (worn) {MR+ Regen+ Str-2 Dex+4}
   (You found it in the Desolation of Salt)

   It affects your strength (-2).
   It affects your dexterity (+4).
   It affects your resistance to hostile enchantments.
   It increases your rate of regeneration.
 L - a scarf of repulsion (worn)
 R - a +1 shield of cold resistance (worn)
 T - the +3 pair of gauntlets of War (worn) {Slay+5}
   (You found it on level 3 of the Elven Halls)

   It affects your accuracy and damage with ranged weapons and melee attacks
   (+5).
 Z - the +0 mask of the Dragon (worn) {MR+ Slay+3 SInv}
   (You found it in a labyrinth)

   It affects your accuracy and damage with ranged weapons and melee attacks
   (+3).
   It affects your resistance to hostile enchantments.
   It lets you see invisible.
Jewellery
 g - an uncursed ring of resist corrosion
 h - a +2 ring of slaying (left hand)
 q - an uncursed ring of protection from magic
 G - a ring of protection from fire (right hand)
 P - an uncursed ring of protection from cold
 Q - the amulet of Hoklem (around neck) {Reflect rElec rPois rF+ Int-4 SH+4}
   (You bought it in a shop on level 2 of the Orcish Mines)

   [amulet of reflection]

   It shields you and reflects attacks.
   It affects your intelligence (-4).
   It protects you from fire.
   It insulates you from electricity.
   It protects you from poison.
   It affects your SH (+4).
Wands
 j - a wand of lightning (9/15)
 m - a wand of iceblast (7/15)
 u - a wand of digging (17/24)
 K - a wand of acid (8/15)
Scrolls
 a - 3 scrolls of enchant weapon
 e - 2 scrolls of vulnerability
 s - 5 scrolls of teleportation
 v - 5 scrolls of identify
 x - 7 scrolls of enchant armour
 y - 11 scrolls of remove curse
 B - 11 scrolls of recharging
 F - 14 scrolls of amnesia
 H - a scroll of holy word
 I - 5 scrolls of fear
 M - 5 scrolls of immolation
 N - 2 scrolls of torment
 O - a scroll of summoning
 S - 3 scrolls of fog
 W - 3 scrolls of magic mapping
Potions
 b - 6 potions of resistance
 d - 9 potions of brilliance
 k - 5 potions of mutation
 l - 6 potions of lignification
 n - a potion of cancellation
 o - 4 potions of agility
 p - 20 potions of curing
 r - 3 potions of haste
 w - a potion of berserk rage
 C - 2 potions of magic
 D - 8 potions of ambrosia
 E - 3 potions of invisibility
 V - a potion of heal wounds
Miscellaneous
 A - a crystal ball of energy
Comestibles
 f - 8 bread rations
 i - 4 meat rations
 t - 12 fruits
 z - 29 royal jellies


   Skills:
 - Level 14.0 Fighting
 - Level 16.0 Maces & Flails
 - Level 15.0 Armour
 - Level 12.0 Dodging
 - Level 15.0 Shields
 * Level 14.8 Spellcasting
 + Level 12.4 Hexes
 + Level 9.4 Charms
 - Level 9.0 Translocations
 - Level 10.0 Air Magic
 - Level 10.0 Evocations


You had 31 spell levels left.
You knew the following spells:

 Your Spells              Type           Power        Failure   Level  Hunger
a - Apportation           Tloc           ####..       1%          1    None
b - Blink                 Tloc           N/A          1%          2    None
c - Silence               Hex/Air        #####.....   3%          5    #####..
d - Invisibility          Hex            #####...     10%         6    ######.
h - Deflect Missiles      Chrm/Air       ####......   30%         6    ######.


Dungeon Overview and Level Annotations

Branches:
Dungeon (15/15)            Temple (1/1) D:5            Lair (6/6) D:8
 Shoals (4/4) Lair:3       Spider (4/4) Lair:2        Slime (1/5) Lair:5
    Orc (2/2) D:9             Elf (3/3) Orc:2        Vaults (5/5) D:14
  Crypt (0/3) Vaults:3     Depths (0/5) D:15

Altars:
Ashenzari
Cheibriados
Dithmenos
Elyvilon
Fedhas
Gozag
Hepliaklqana
Kikubaaqudgha
Makhleb
Nemelex Xobeh
Okawaru
Qazlal
Ru
Sif Muna
Trog
Uskayaw
Vehumet
Wu Jian
Xom
Yredelemnul
Zin
The Shining One
Beogh
Jiyva

Shops:
D:8 [   D:9 *   D:13 (   D:14 (   D:15 [   Orc:2 *[=(}   Elf:1 *   Lair:2 [
Lair:3 (*   Vaults:1 ((   Vaults:2 (   Vaults:4 [


Innate Abilities, Weirdness & Mutations

You are resistant to torment.
Your stone body is resilient. (AC +17)
You are immune to poison.
Your large and strong wings let you fly indefinitely.
You resist negative energy. (rN+)
You are resistant to electric shocks. (rElec)
You can survive without breathing.
You are immune to petrification.
You are immune to rotting.


Message History

The hell knight points at you and mumbles some strange words.
The puff of flame misses you.
The puff of flame hits the yaktaur captain.
The stone giant throws a large rock.
You reflect the large rock off an invisible shield around you!
The large rock hits the yaktaur captain!!!
The tengu reaver hits you but does no damage.
You block the tengu reaver's attack.
The tengu reaver claws you but does no damage.
The yaktaur hits you but does no damage.
The orc wizard hits you but does no damage.
The titan shouts!
The red very ugly thing gurgles horribly!
You hit the orc wizard.
Lightning courses through the orc wizard!
You kill the orc wizard!
The storm dragon is distracted by the nearby gold.
The titan hits you!!
You die...
Your body crumbles into a pile of gold.

#.#.#$#$($..##....
#$#.#$$.$.$#..u#
#.#C($.$$$?$.#
####...($($)(.#####
......$.$<<$[$...$.
......($<()<$......
.....$.$[<<[[((..$.
...$.(..(pc$($.$...
######(..Q@Cc.#####
..$$$.D.cc.(...
:...$#(..C#.....
###..#$$..#..###
D...#....#...# ...
#....# ..# #....#
... #....# $ $ $


You could see 2 titans, a storm dragon (unaware), a red very ugly thing, a stone
giant, a tengu reaver, a yaktaur captain, a hell knight and 3 yaktaurs.

Vanquished Creatures
  Mara (Elf:3)
  Margery (Vaults:4)
  Saint Roka (Elf:2)
  Nikola (Spider:3)
  2 golden dragons
  Arachne (Spider:3)
  Asterion (Vaults:1)
  2 tentacled monstrosities (Vaults:4)
  A deep elf master archer (Elf:3)
  3 deep elf blademasters
  A lich (Vaults:3)
  Polyphemus (Shoals:2)
  A kraken (Shoals:3)
  4 sphinxes
  2 shadow dragons (Vaults:4)
  Kirke (Shoals:3)
  3 tengu reavers
  An azure jelly (Lair:4)
  Ilsuiw (Shoals:4)
  2 fire giants
  6 emperor scorpions
  3 ghost moths (Spider:4)
  2 frost giants (Vaults:4)
  2 imperial myrmidons (Desolation)
  8 vault wardens
  5 deep elf sorcerers
  An orc warlord (Orc:2)
  Aizul (Elf:2)
  A curse skull (Vaults:3)
  3 deep elf elementalists (Elf:3)
  12 ironheart preservers
  3 stone giants
  3 war gargoyles (Vaults:4)
  5 entropy weavers
  11 deep elf demonologists
  14 deep elf annihilators
  3 spark wasps
  4 halazid warlocks (Desolation)
  14 deep elf death magi
  10 merfolk impalers
  5 ettins
  4 ragged hierophants (Desolation)
  4 merfolk javelineers (Shoals:4)
  The ghost of Zigma the Grappler, a journeyman DrMo of Makhleb (D:12)
  A crystal guardian (Desolation)
  A minotaur (Lab)
  7 yaktaur captains
  A great orb of eyes (Vaults:2)
  2 fire dragons
  3 deep elf high priests
  A jiangshi (Vaults:3)
  5 servants of whispers (Desolation)
  A rakshasa (Vaults:2)
  9 hydras
  8 peacekeepers
  An alligator snapping turtle (Shoals:3)
  35 vault guards
  The ghost of Ordine the Basher, a journeyman GrFi of Okawaru (IceCv)
  3 merfolk avatars
  5 centaur warriors
  5 merfolk aquamancers
  A death knight (Vaults:4)
  A catoblepas (Shoals:2)
  3 death yaks (Shoals:2)
  A two-headed ogre (shapeshifter) (Vaults:4)
  A queen ant (Spider:2)
  A satyr (Shoals:4)
  27 two-headed ogres
  5 ogre magi
  2 deep troll shamans
  A deep troll earth mage (Vaults:2)
  5 orc high priests
  4 hell knights (Vaults:4)
  27 deep elf knights
  A shadow wraith (Vaults:3)
  2 skeletal warriors
  3 unseen horrors
  15 deep trolls
  14 sea snakes
  2 unseen horrors (shapeshifter)
  A glowing orange brain (Vaults:2)
  2 wizards
  A sphinx zombie (Vaults:1)
  12 ironbrand convokers
  15 orc knights
  16 deep elf archers
  Pikel (D:4)
  5 necromancers
  2 phantasmal warriors
  30 harpies
  8 orc sorcerers
  77 deep elf magi
  A mana viper (shapeshifter) (Vaults:4)
  38 wolf spiders
  A fire giant zombie (Vaults:1)
  3 oklob plants
  17 orb spiders
  10 cyclopes
  11 manticores
  13 ugly things
  3 elephants (Lair:5)
  A tengu skeleton (Vaults:1)
  7 fauns
  11 merfolk sirens
  2 moths of wrath (Spider:3)
  18 vault sentinels
  9 black mambas
  4 guardian serpents (Desolation)
  An ice statue (IceCv)
  Joseph (D:8)
  3 water nymphs
  15 spiny frogs
  2 torpor snails
  2 gargoyles
  An efreet (D:14)
  36 yaktaurs
  A rime drake (Lair:4)
  2 yaktaurs (shapeshifter)
  23 demonic crawlers
  4 komodo dragons
  14 freezing wraiths
  An ancient zyme (Abyss:2)
  A queen bee (Lair:5)
  21 merfolk
  3 meliai (Lair:5)
  2 tengu conjurers (D:15)
  A polar bear (shapeshifter) (Vaults:3)
  5 trolls
  A merfolk (shapeshifter) (Vaults:4)
  5 polar bears (Lair:6)
  21 jumping spiders
  A meliai (shapeshifter) (Vaults:1)
  A wind drake (shapeshifter) (Vaults:3)
  25 hornets
  A wolf spider simulacrum (IceCv)
  Prince Ribbit (D:8)
  44 saltlings (Desolation)
  19 blink frogs
  4 wind drakes
  13 hippogriffs
  14 slime creatures
  18 dream sheep
  A fire giant simulacrum (Vaults:1)
  3 snapping turtles
  A meliai zombie (D:11)
  An ice dragon zombie (Vaults:1)
  29 tarantellas
  4 air elementals
  5 shadows
  Sigmund (D:2)
  13 spriggans (Lair:6)
  11 water elementals
  60 redbacks
  4 fire elementals
  57 yaks
  Grum (D:8)
  2 wraiths
  5 basilisks
  2 humans (D:7)
  4 hungry ghosts (Lab)
  A hog (shapeshifter) (Vaults:2)
  A golden eye (shapeshifter) (Elf:1)
  3 wyverns
  A yak (shapeshifter) (Vaults:4)
  9 vampire mosquitoes
  2 death yak simulacra (IceCv)
  8 wargs
  A deep troll zombie (Vaults:1)
  9 soldier ants (Spider:2)
  6 water moccasins
  A soldier ant (shapeshifter) (Vaults:3)
  4 acid dragons
  12 porcupines
  9 ice beasts
  53 orc warriors
  3 sky beasts
  An eye of draining (D:8)
  3 black bears
  2 phantoms
  An alligator simulacrum (IceCv)
  14 ogres
  11 boggarts
  21 wolves
  29 centaurs
  6 big kobolds
  9 crocodiles
  13 bullfrogs
  4 water moccasin zombies (Ossuary)
  4 earth elementals
  A wyvern zombie (D:14)
  9 scorpions
  An orc simulacrum (Vaults:2)
  20 killer bees (Lair:5)
  A troll skeleton (Lab)
  13 wights
  7 electric eels
  2 howler monkeys
  A spriggan skeleton (Lab)
  9 crimson imps
  A bullfrog zombie (D:11)
  A quasit (D:15)
  A centaur zombie (D:9)
  2 yaktaur simulacra (Vaults:1)
  5 jellies
  4 bullfrog skeletons
  3 centaur skeletons
  2 draconian simulacra (IceCv)
  6 hounds
  A gnoll shaman (Orc:1)
  19 orc priests
  28 orc wizards
  Jessica (D:2)
  5 iguanas
  5 hell rats (Lair:5)
  28 worker ants
  6 troll simulacra (IceCv)
  A spriggan simulacrum (IceCv)
  A killer bee zombie (D:7)
  3 big kobold zombies (Ossuary)
  5 centaur simulacra (IceCv)
  An ogre skeleton (Lab)
  A hound zombie (D:5)
  A hound skeleton (D:7)
  2 mummies (Ossuary)
  A howler monkey zombie (D:9)
  3 worker ant zombies
  14 gnolls
  14 adders
  4 naga simulacra (IceCv)
  2 ogre simulacra (IceCv)
  4 shadow imps
  12 white imps (IceCv)
  2 oozes
  2 adder skeletons
  2 adder zombies (Ossuary)
  2 worms
  2 dart slugs
  7 leopard geckos
  105 orcs
  8 bats
  5 giant cockroaches
  5 goblins
  5 hobgoblins
  8 jackals
  21 kobolds
  2 quokkas
  3 ball pythons
  3 frilled lizards
  2 gnoll zombies (Ossuary)
  3 hobgoblin zombies (Ossuary)
  7 kobold zombies (Ossuary)
  2 orc zombies (Ossuary)
  A quokka zombie (D:5)
  8 rats
  A plant (Shoals:2)
1889 creatures vanquished.

Vanquished Creatures (others)
  A deep elf master archer (Elf:3)
  Agnes (Spider:3)
  3 merfolk javelineers
  A yaktaur captain (Vaults:2)
  23 dancing weapons
  A deep elf knight (Elf:3)
  2 unseen horrors
  A deep elf archer (Elf:3)
  An ironbrand convoker (Desolation)
  A wolf spider (Spider:1)
  A cyclops (Vaults:1)
  2 yaktaurs (Vaults:2)
  2 saltlings (Desolation)
  A human (Shoals:3)
  2 orc warriors
  A boggart (Vaults:1)
  A centaur (Vaults:3)
  5 orcs
  6 fungi
  7 plants
  4 tentacles (Shoals:3)
67 creatures vanquished.

Grand Total: 1956 creatures vanquished

Notes
Turn   | Place    | Note
-------+----------+-------------------------------------------
     0 | D:1      | Ordine the Gargoyle Fighter began the quest for the Orb.
     0 | D:1      | Reached XP level 1. HP: 14/14 MP: 1/1
    75 | D:1      | Reached XP level 2. HP: 15/19 MP: 2/2
   503 | D:1      | Reached skill level 3 in Maces & Flails
   863 | D:1      | Reached XP level 3. HP: 23/23 MP: 3/3
  1242 | D:2      | Noticed Jessica
  1249 | D:2      | Killed Jessica
  1249 | D:2      | Reached XP level 4. HP: 21/28 MP: 4/4
  1287 | D:2      | Reached skill level 4 in Maces & Flails
  1420 | D:2      | Noticed Sigmund
  1424 | D:2      | Killed Sigmund
  1424 | D:2      | Reached skill level 5 in Maces & Flails
  1424 | D:2      | Reached XP level 5. HP: 32/32 MP: 5/5
  1424 | D:2      | Reached XP level 6. HP: 37/37 MP: 6/6
  1784 | D:3      | Found a white marble altar of Elyvilon.
  1826 | D:3      | Reached skill level 5 in Shields
  2279 | D:4      | Reached skill level 6 in Maces & Flails
  2290 | D:4      | Found a sand-covered staircase.
  2294 | Ossuary  | Entered an ossuary
  2334 | Ossuary  | Reached XP level 7. HP: 33/41 MP: 7/7
  2444 | Ossuary  | Reached skill level 7 in Maces & Flails
  2739 | D:4      | Reached XP level 8. HP: 46/46 MP: 8/8
  2907 | D:4      | Found an opulent altar of Gozag.
  3146 | D:5      | Entered Level 5 of the Dungeon
  3280 | D:5      | Noticed Pikel
  3314 | D:4      | Killed Pikel
  3314 | D:4      | Reached skill level 8 in Maces & Flails
  3364 | D:5      | Reached skill level 9 in Maces & Flails
  3388 | D:5      | Found a staircase to the Ecumenical Temple.
  3429 | Temple   | Entered the Ecumenical Temple
  3705 | D:4      | Found a snail-covered altar of Cheibriados.
  3705 | D:4      | Found a shimmering altar of Xom.
  3716 | D:4      | Became a worshipper of Gozag Ym Sagoz the Greedy
  4081 | D:6      | Reached XP level 9. HP: 51/51 MP: 9/9
  4940 | D:7      | Reached skill level 10 in Maces & Flails
  4973 | D:7      | Found an iron altar of Okawaru.
  5631 | D:8      | Found a staircase to the Lair.
  5651 | D:8      | You fall through a shaft!
  5682 | D:9      | Reached skill level 11 in Maces & Flails
  5733 | D:9      | Identified a scroll of acquirement
  5755 | D:9      | Found a staircase to the Orcish Mines.
  5778 | D:9      | Noticed a two-headed ogre
  5807 | D:9      | Killed a two-headed ogre
  5807 | D:9      | Reached XP level 10. HP: 34/56 MP: 10/10
  5896 | D:8      | Noticed a two-headed ogre
  5919 | D:8      | Killed a two-headed ogre
  5919 | D:8      | Reached skill level 12 in Maces & Flails
  6037 | D:8      | Noticed Joseph
  6050 | D:8      | Killed Joseph
  6224 | D:8      | Reached skill level 10 in Shields
  6411 | D:8      | Noticed a two-headed ogre
  6548 | D:8      | Killed a two-headed ogre
  6760 | D:8      | Noticed a two-headed ogre
  6808 | D:8      | Killed a two-headed ogre
  6808 | D:8      | Reached skill level 13 in Maces & Flails
  6808 | D:8      | Reached XP level 11. HP: 47/60 MP: 11/11
  6895 | D:8      | Noticed Prince Ribbit
  6906 | D:8      | Killed Prince Ribbit
  7057 | D:8      | Noticed a three-headed hydra
  7071 | D:8      | Killed a three-headed hydra
  7235 | D:8      | Noticed Grum
  7253 | D:8      | Killed Grum
  7271 | D:8      | Reached skill level 14 in Maces & Flails
  7373 | D:8      | Bought a steaming scarf for 180 gold pieces
  7373 | D:8      | Bought a scorched scale mail for 162 gold pieces
  7373 | D:8      | Bought a shimmering scale mail for 162 gold pieces
  7384 | D:8      | Identified the +7 scale mail of Kycugau {rPois Str+3 Stlth+} (You bought it in a shop on level 8 of the Dungeon)
  7394 | D:8      | Identified the +0 scale mail of Zuluma {MR+++ Str+4 Int-4 Stlth-} (You bought it in a shop on level 8 of the Dungeon)
  7411 | D:8      | Identified the scarf "Rauwobig" {+Fly Str-2 Slay+3} (You bought it in a shop on level 8 of the Dungeon)
  7438 | D:9      | Noticed a two-headed ogre
  7454 | D:9      | Killed a two-headed ogre
  7688 | D:9      | Found Urux's General Store.
  7835 | D:9      | Found a burning altar of Makhleb.
  7938 | D:10     | Entered Level 10 of the Dungeon
  7940 | D:10     | Got a pitted morningstar
  7941 | D:10     | Identified the +9 morningstar "Hyocoffu" {drain, rElec Str+4 Int+3 Dex-5} (You found it on level 10 of the Dungeon)
  8346 | D:10     | Noticed a two-headed ogre
  8352 | D:10     | Killed a two-headed ogre
  8399 | D:10     | Noticed a two-headed ogre
  8403 | D:10     | Killed a two-headed ogre
  8403 | D:10     | Reached XP level 12. HP: 59/64 MP: 12/12
  8420 | D:10     | Reached skill level 15 in Maces & Flails
  8522 | D:9      | Noticed a two-headed ogre
  8528 | D:9      | Killed a two-headed ogre
  8580 | Lair:1   | Entered Level 1 of the Lair of Beasts
  8682 | Lair:1   | Noticed an eight-headed hydra
  8690 | Lair:1   | Killed an eight-headed hydra
  9345 | Lair:2   | Found a hole to the Spider Nest.
  9365 | Lair:2   | Reached skill level 16 in Maces & Flails
  9458 | Lair:2   | Reached skill level 1 in Dodging
  9698 | Lair:2   | Reached skill level 5 in Fighting
  9730 | Lair:2   | Reached XP level 13. HP: 72/72 MP: 13/13
 10126 | Lair:2   | Bought a glowing helmet for 180 gold pieces
 10126 | Lair:2   | Bought a shiny shield for 180 gold pieces
 10189 | Lair:3   | Found a staircase to the Shoals.
 10222 | Lair:3   | Reached skill level 5 in Armour
 11819 | Lair:5   | Found a staircase to the Slime Pits.
 11819 | Lair:5   | Found a viscous altar of Jiyva.
 12087 | Lair:5   | Found a labyrinth entrance.
 12096 | Lab      | Entered a labyrinth
 12188 | Lab      | Found an exit through the horrors of the Abyss.
 12269 | Lab      | Found an exit through the horrors of the Abyss.
 13251 | Lab      | Found an exit through the horrors of the Abyss.
 13356 | Lab      | Found an exit through the horrors of the Abyss.
 13918 | Lab      | Found an exit through the horrors of the Abyss.
 14019 | Lab      | Found an exit through the horrors of the Abyss.
 14120 | Lab      | Found an exit through the horrors of the Abyss.
 14203 | Lab      | Found an exit through the horrors of the Abyss.
 15071 | Lab      | Found an exit through the horrors of the Abyss.
 15123 | Lab      | Noticed a minotaur
 15137 | Lab      | Killed a minotaur
 15168 | Lab      | Identified the Handbook of Helpful Feathers
 15169 | Lab      | Got a heavily runed sapphire amulet
 15272 | Lab      | Identified the amulet of Demons {Inacc +Inv rPois Int+7 Dex-3} (You found it in a labyrinth)
 15299 | Lair:5   | Gained mutation: Your large and strong wings let you fly indefinitely. [Gargoyle growth]
 15299 | Lair:5   | Reached XP level 14. HP: 86/86 MP: 14/14
 15731 | Lair:5   | You are sucked into a shaft!
 15731 | Lair:6   | Entered Level 6 of the Lair of Beasts
 16201 | Lair:5   | Got a polished ring mail
 16238 | Lair:5   | Identified the +1 ring mail of Summertime {Int+4 Dex-4} (You found it on level 5 of the Lair of Beasts)
 16265 | Lair:5   | Reached skill level 10 in Fighting
 16283 | Lair:5   | Reached skill level 5 in Dodging
 17020 | Lair:6   | Learned a level 2 spell: Blink
 17026 | Lair:6   | Learned a level 5 spell: Silence
 17033 | Lair:6   | Learned a level 6 spell: Deflect Missiles
 17109 | Lair:6   | Reached skill level 1 in Spellcasting
 17563 | Lair:2   | Bought a pair of steaming boots for 228 gold pieces
 17575 | Lair:2   | Identified the +0 pair of boots of the Louse {Dex+2} (You bought it in a shop on level 2 of the Lair of Beasts)
 17578 | Lair:2   | Bought ichor-stained steam dragon scales for 1080 gold pieces
 17588 | Lair:2   | Identified the +5 steam dragon scales "Qifa" {+Blink rN+} (You bought it in a shop on level 2 of the Lair of Beasts)
 17611 | Lair:2   | Bought an encrusted plate armour for 672 gold pieces
 17611 | Lair:2   | Bought a translucent scale mail for 216 gold pieces
 17621 | Lair:2   | Identified the cursed +0 plate armour of the Volcano {rF+ Int+3 Dex+3} (You bought it in a shop on level 2 of the Lair of Beasts)
 17633 | Lair:2   | Identified the +2 scale mail of Listlessness {*Corrode Str+4 Dex+4} (You bought it in a shop on level 2 of the Lair of Beasts)
 18382 | D:11     | Found a roughly hewn altar of Beogh.
 18838 | D:11     | Reached XP level 15. HP: 94/94 MP: 19/19
 19007 | D:11     | Found an ancient bone altar of Kikubaaqudgha.
 19259 | D:12     | Got a dazzling ring mail
 19270 | D:12     | Identified the cursed +1 ring mail of Chimes {rN+ Str+5} (You found it on level 12 of the Dungeon)
 19325 | D:12     | Noticed Zigma's ghost (journeyman DrMo)
 19345 | D:12     | Reached skill level 15 in Shields
 19348 | D:12     | Killed Zigma's ghost
 19730 | D:13     | Reached skill level 1 in Translocations
 19730 | D:13     | Reached skill level 1 in Air Magic
 20353 | D:14     | Found a shattered altar of Ashenzari.
 20368 | D:14     | Found a gate to the Vaults.
 20672 | D:14     | Found Xasist Jeka's Antique Weapon Emporium.
 20839 | D:14     | Reached skill level 5 in Spellcasting
 20873 | D:14     | Reached skill level 10 in Armour
 20932 | D:14     | Found an opulent altar of Gozag.
 21105 | D:15     | Entered Level 15 of the Dungeon
 21257 | D:15     | Found a staircase to the Depths.
 21257 | D:15     | Noticed a fire giant
 21368 | D:15     | Found a bloodstained altar of Trog.
 21655 | D:15     | Killed a fire giant
 21968 | D:15     | Bought the +0 pair of gloves of Nesull {+Inv Regen+ Int+3 Stlth-} for 234 gold pieces
 22119 | Orc:1    | Entered Level 1 of the Orcish Mines
 22148 | Orc:1    | Found a frozen archway.
 22155 | IceCv    | Entered an ice cave
 22158 | IceCv    | Noticed Ordine's ghost (journeyman GrFi)
 22178 | IceCv    | Killed Ordine's ghost
 22302 | IceCv    | Reached XP level 16. HP: 91/100 MP: 21/24
 22372 | IceCv    | Found an ancient bone altar of Kikubaaqudgha.
 23086 | Orc:2    | Entered Level 2 of the Orcish Mines
 23086 | Orc:2    | Found Gigh's Jewellery Shoppe.
 23086 | Orc:2    | Found Eddamoq's General Store.
 23373 | Orc:2    | Bought an uncursed ring of resist corrosion for 320 gold pieces
 23373 | Orc:2    | Bought the amulet of Hoklem {Reflect rElec rPois rF+ Int-4 SH+4} for 700 gold pieces
 23422 | Orc:2    | Bought 2 potions of ambrosia for 192 gold pieces
 23522 | Orc:2    | Found Zozineryo's Antique Armour Boutique.
 23782 | Orc:2    | Reached skill level 5 in Translocations
 23821 | Orc:2    | Bought an ancient helmet for 247 gold pieces
 23821 | Orc:2    | Bought a jewelled buckler for 247 gold pieces
 23831 | Orc:2    | Identified the cursed +0 helmet "Fetabyc" {Str+3 Dex+4 Stlth+} (You bought it in a shop on level 2 of the Orcish Mines)
 23841 | Orc:2    | Identified the +3 buckler of Hauhap {rN++ Str-3} (You bought it in a shop on level 2 of the Orcish Mines)
 23914 | Orc:2    | Found Qireer's Quality Used Wands.
 23914 | Orc:2    | Found Kaynuqex's Antique Weapon Emporium.
 23915 | Orc:2    | Found a staircase to the Elven Halls.
 24238 | Spider:1 | Entered Level 1 of the Spider Nest
 24931 | Spider:1 | Reached skill level 5 in Air Magic
 25686 | Spider:2 | Reached XP level 17. HP: 98/104 MP: 27/27
 26150 | Spider:3 | Noticed Arachne
 26180 | Spider:3 | Killed Arachne
 26302 | Spider:3 | Noticed Agnes
 26304 | Spider:3 | Noticed Nikola
 26314 | Spider:3 | Killed Agnes
 26324 | Spider:3 | Killed Nikola
 26652 | Spider:3 | Reached skill level 1 in Evocations
 26849 | Spider:4 | Entered Level 4 of the Spider Nest
 28204 | Spider:4 | Got a gossamer rune of Zot
 28250 | Spider:4 | Reached skill level 10 in Dodging
 28250 | Spider:4 | Reached XP level 18. HP: 96/112 MP: 0/28
 28485 | Shoals:1 | Entered Level 1 of the Shoals
 28578 | Shoals:1 | Reached skill level 1 in Hexes
 28711 | Shoals:1 | Reached skill level 1 in Charms
 29277 | Shoals:2 | Noticed Polyphemus
 29290 | Shoals:2 | Killed Polyphemus
 30140 | Shoals:3 | Noticed Kirke
 30488 | Shoals:3 | Learned a level 1 spell: Apportation
 30587 | Shoals:3 | Killed Kirke
 30678 | Shoals:3 | Found a white marble altar of Elyvilon.
 30864 | Shoals:3 | Reached skill level 5 in Evocations
 31040 | Shoals:4 | Entered Level 4 of the Shoals
 31090 | Shoals:4 | Noticed Ilsuiw
 31161 | Shoals:4 | Killed Ilsuiw
 31586 | Shoals:4 | Reached XP level 19. HP: 91/118 MP: 29/29
 32002 | Shoals:4 | Learned a level 6 spell: Invisibility
 32027 | Shoals:4 | Got a barnacled rune of Zot
 32425 | Shoals:4 | Reached skill level 5 in Hexes
 32704 | Lair:3   | Bought a pearl ring for 155 gold pieces
 32704 | Lair:3   | Bought the +1 cloak of Starlight {rElec rC+ EV+4 Stlth--} for 1379 gold pieces
 32704 | Lair:3   | Bought a scroll of identify for 62 gold pieces
 32704 | Lair:3   | Bought a scroll of identify for 62 gold pieces
 32704 | Lair:3   | Bought a potion of heal wounds for 155 gold pieces
 32787 | Slime:1  | Entered Level 1 of the Pits of Slime
 32833 | Lair:4   | Reached skill level 5 in Charms
 33125 | Elf:1    | Entered Level 1 of the Elven Halls
 33208 | Elf:1    | Cast into level 2 of the Abyss (a deep elf demonologist)
 33294 | Elf:1    | Escaped the Abyss
 33437 | Elf:1    | Found Lfyos's Luxury Loot.
 34567 | Elf:2    | Found a huge runed gate.
 34567 | Elf:2    | Found a huge runed gate.
 34567 | Elf:2    | Found a huge runed gate.
 34567 | Elf:2    | Found a huge runed gate.
 34585 | Elf:2    | Found a huge runed gate.
 34800 | Elf:2    | Found a ruined gateway.
 34830 | Desolati | Entered the Desolation of Salt
 35167 | Desolati | Reached XP level 20. HP: 102/126 MP: 30/30
 35595 | Desolati | Got a flickering golden amulet
 35597 | Desolati | Identified the amulet "Tujed" {Inacc rC++ MR+ Str-4} (You found it in the Desolation of Salt)
 35603 | Desolati | Identified Sif Muna's Almanac of the Captivating Mountains
 35653 | Desolati | Identified the Disquisition on Helpful Companions
 35657 | Desolati | Got a smoking bronze ring
 35658 | Desolati | Identified the ring "Bokh" {Fire rElec MP+9 Str+5 Stlth-} (You found it in the Desolation of Salt)
 35662 | Desolati | Identified the Disquisition on the Entourage and Beguiling
 35666 | Desolati | Got a scorched ring mail
 35667 | Desolati | Identified the +8 ring mail of Silymm {MR+ Regen+ Str-2 Dex+4} (You found it in the Desolation of Salt)
 35923 | Desolati | Got a bloodstained hat
 35934 | Desolati | Identified the +1 hat "Liubuy" {rC+ Str+3} (You found it in the Desolation of Salt)
 35952 | Desolati | Got an ichor-stained chain mail
 35963 | Desolati | Identified the +6 chain mail of the Disturbing Realms {Int+4} (You found it in the Desolation of Salt)
 37238 | Elf:3    | Entered Level 3 of the Elven Halls
 37238 | Elf:3    | Noticed Aizul
 37240 | Elf:3    | Noticed Mara
 37245 | Elf:3    | Noticed Saint Roka
 37261 | Elf:2    | Killed Aizul
 37381 | Elf:3    | Noticed Ordine's illusion
 37451 | Elf:2    | Killed Saint Roka
 37901 | Elf:3    | Noticed Ordine's illusion
 37957 | Elf:3    | Killed Mara
 37957 | Elf:3    | Reached skill level 15 in Armour
 38531 | Elf:3    | Reached XP level 21. HP: 120/132 MP: 21/31
 38963 | Elf:3    | Reached skill level 10 in Evocations
 39105 | Elf:3    | Got a twitching tin amulet
 39119 | Elf:3    | Identified the amulet "Enutt" {+Rage MR+ Str+3} (You took it off a deep elf knight on level 3 of the Elven Halls)
 39661 | Vaults:1 | Entered Level 1 of the Vaults
 40396 | Vaults:1 | Got a pair of transparent gloves
 40397 | Vaults:1 | Identified the +0 pair of gloves "Veeruc" {*Slow rN+++ Slay+2 Stlth-} (You found it on level 1 of the Vaults)
 40444 | Vaults:1 | Noticed Asterion
 40468 | Vaults:1 | Killed Asterion
 40642 | Vaults:1 | Reached skill level 10 in Spellcasting
 40905 | Vaults:2 | Reached XP level 22. HP: 127/137 MP: 31/36
 40946 | Vaults:2 | Reached skill level 10 in Hexes
 41079 | Vaults:2 | Found Rumn's Weapon Shop.
 42564 | Vaults:3 | Found a staircase to the Crypt.
 42991 | Vaults:3 | Reached skill level 10 in Air Magic
 43735 | Vaults:3 | Found a shattered altar of Ashenzari.
 44280 | Vaults:4 | Reached XP level 23. HP: 129/142 MP: 36/39
 45303 | Vaults:5 | Entered Level 5 of the Vaults
 45305 | Vaults:5 | Noticed Margery
 45344 | Vaults:5 | Noticed a golden dragon
 45609 | Vaults:4 | Killed a golden dragon
 45695 | Vaults:4 | Killed Margery
 46756 | Vaults:5 | Noticed a golden dragon
 46784 | Vaults:5 | Killed a golden dragon
 46817 | Vaults:5 | Slain by a titan

Vault maps used:
D:1:      erik_arrival_blinker_ship, dk_noncrumbling_3
D:2:      hangedman_decor_slide_cut, corexii_item_surrounded_by_moat,
          uniq_jessica, uniq_sigmund
D:3:      elyvilon_altar_4
D:4:      nicolae_overflow_hidden_temple, enter_ossuary_5, first_bread,
          minmay_misc_feat_plants
D:5:      temple_pool_b, uniq_pikel
D:7:      okawaru_humans, serial_park_tiny_2
D:8:      lair_entry_dummy, hangedman_ranch, uniq_prince_ribbit1, uniq_joseph,
          uniq_grum
D:9:      kennysheep_little_box, orc_0_dummy, serial_shops, shop
D:10:     hex_medium, minmay_misc_feat_four_crosses
D:11:     special_room, david_defended_altar_elf
D:12:     minmay_misc_feat_ornament
D:14:     david_vaults_2, serial_shops, nicolae_shop_waterfront, special_room,
          nicolae_gozag_cash_rules_everything_around_me, minmay_fountain_box,
          nicolae_ashenzari_panopticon
D:15:     grunt_enter_depths_giant_problem, basic_altar
Temple:   eino_temple_rhombus
Lair:1:   serial_bayou_pond_a
Lair:2:   spider_nest_entry_funnel_web
Lair:3:   minmay_shoals_entry_lonely_mermaid
Lair:4:   grunt_megastairs_3
Lair:5:   slime_altar_1, special_room, lab_entry_generic,
          minmay_lair_oklob_chamber, lemuel_fruit_tree, serial_bayou_shore_b
Lair:6:   minmay_lair_end_enchanted_forest, serial_bayou_pond_c
Shoals:2: uniq_polyphemus
Shoals:3: lemuel_oklob_altar, uniq_kirke
Shoals:4: shoals_end_hangedman, shoals_ilsuiw_ice
Spider:1: special_room, nicolae_crawler_farm
Spider:2: minmay_another_anthill
Spider:3: spiders_nest_scorpion_pit, spider_trap, uniq_arachne, uniq_nikola,
          uniq_agnes
Spider:4: guppyfry_spider_rune, spider_trap
Orc:1:    portal_ice_cave_entry_pillars_1, minmay_orc_keep
Orc:2:    grunt_orc_gardens, grunt_orc_garden, grunt_orc_garden,
          grunt_orc_garden, grunt_orc_garden, nicolae_for_you_no_charge
Elf:1:    eino_elf_arrival_customs, hangedman_elf_represent,
          nicolae_alphabet_shops, grunt_ministairs_8, st_stairs_5, fountainhead,
          amethyst_killhole
Elf:2:    portal_desolation_entry_twin_temple
Elf:3:    elf_hall, evilmike_minifort, uniq_mara, uniq_aizul, uniq_saint_roka
Vaults:1: v_misc_9, nicolae_vaults_little_squares_4, vaults_room_grid,
          v_misc_17, vaults_room_octagon, st_quartered_hall,
          hangedman_vaults_variations, v_misc_29, vaults_dpeg_encased_lava,
          vaults_dpeg_hooks, nicolae_vaults_asterisk,
          vaults_standard_mumra_enter_the_diamond, uniq_asterion
Vaults:2: hangedman_vaults_hat, hangedman_vaults_pinch,
          ontoclasm_vaults_claustrophobia, v_misc_2, v_misc_17, v_rooms_3,
          vaults_room_semicircle, nicolae_vaults_what_the_h,
          nicolae_vaults_yaktaur_gun_rack, vaults_room_door_ring, serial_shops,
          nicolae_shop_competitors_out_of_business
Vaults:3: nicolae_vaults_little_squares_4, v_rooms_2, nicolae_vaults_network_s,
          minmay_crypt_entry_simple_plaza, nicolae_vaults_specimen_jars,
          hangedman_vaults_stretched_pinwheel, ontoclasm_vaults_shuriken,
          vaults_room_grunt_arrival_checkpoint, vaults_room_guarded_vault,
          nicolae_vaults_asterisk, basic_altar
Vaults:4: vaults_room_glass_cross, nicolae_vaults_alarming,
          hangedman_vaults_restitches, v_misc_13,
          vaults_room_grunt_arrival_ludios
Vaults:5: uniq_boris, uniq_margery
Lab:      lab_block, lab_statue, labyrinth_skeletal_remains, lab_fountain,
          nicolae_lab_flowing_pool, nicolae_lab_starburst, nicolae_lab_grate_2
Ossuary:  ossuary_tomb_2
IceCv:    ice_cave_small_necro

Skill      XL: |  1  2  3  4  5  6  7  8  9 10 11 12 13 14 15 16 17 18 19 20 21 22 23 |
---------------+----------------------------------------------------------------------+-----
Maces & Flails | 3 5 6 7 9 11 13 14 16 | 16.0
Shields        | 4 5 6 7 9 10 12 13 14 15 | 15.0
Fighting       | 5 9 11 12 13 14 | 14.0
Dodging        | 1 4 6 7 8 10 11 12 | 12.0
Armour         | 4 6 9 10 11 12 13 14 15 | 15.0
Spellcasting   | 3 5 7 10 12 14 | 14.8
Translocations | 4 6 8 9 |  9.0
Air Magic      | 3 5 6 7 9 10 | 10.0
Evocations     | 3 5 7 9 10 | 10.0
Hexes          | 4 6 8 9 11 12 | 12.4
Charms         | 4 6 7 9 |  9.4

Action                   |  1- 3 |  4- 6 |  7- 9 | 10-12 | 13-15 | 16-18 | 19-21 | 22-24 || total
-------------------------+-------+-------+-------+-------+-------+-------+-------+-------++-------
Melee: Flail             |    73 |   217 |   482 |       |       |       |       |       ||   772
       Morningstar       |       |       |    16 |   556 |  1268 |  1774 |  1812 |       ||  5426
       Unarmed           |       |       |       |       |       |     2 |       |       ||     2
       Demon whip        |       |       |       |       |       |       |   148 |  1251 ||  1399
 Cast: Silence           |       |       |       |       |       |       |    10 |    11 ||    21
       Blink             |       |       |       |       |       |       |     1 |       ||     1
Invok: Call Merchant     |       |       |       |     1 |     3 |       |     3 |     2 ||     9
 Abil: Fly               |       |       |       |       |     1 |       |       |       ||     1
       Evoke Invisibilit |       |       |       |       |       |       |     1 |       ||     1
Evoke: Wand              |       |       |       |       |     1 |       |       |       ||     1
  Use: Scroll            |     3 |     5 |    11 |     3 |    15 |    10 |    20 |     1 ||    68
       Potion            |       |     1 |       |     2 |     1 |    15 |    16 |     6 ||    41
 Stab: Distracted        |       |       |     1 |     2 |    10 |    12 |    10 |    10 ||    45
       Invisible         |       |       |       |       |       |       |     6 |       ||     6
  Eat: Chunk             |     1 |     4 |     5 |       |       |       |       |       ||    10
       Meat ration       |       |       |     2 |     1 |     6 |     2 |     4 |     2 ||    17
       Bread ration      |       |       |       |     1 |     2 |     3 |     4 |     1 ||    11
       Fruit             |       |       |       |       |    13 |     4 |     1 |     9 ||    27
       Royal jelly       |       |       |       |       |     1 |       |       |       ||     1
Armor: Scale mail        |    27 |    27 |       |       |       |       |       |       ||    54
       Fire dragon scale |       |    98 |   200 |   223 |   205 |       |       |       ||   726
       Plate armour      |       |       |       |       |   183 |   975 |   342 |       ||  1500
       Ring mail         |       |       |       |       |       |       |   271 |   378 ||   649
Dodge: Dodged            |    26 |    77 |   120 |   121 |   251 |   639 |   769 |   558 ||  2561
       Deflected         |       |       |       |       |       |       |     2 |    36 ||    38
Block: Shield            |    32 |   122 |   256 |   269 |   769 |  1775 |  1497 |  1018 ||  5738
       Reflection        |       |       |       |       |    18 |    33 |   104 |    79 ||   234
       Other             |       |       |       |       |       |     3 |       |       ||     3
